 Dungeon Crawl Stone Soup version 0.29-a0-664-gff9cad4a3d (webtiles) character file.

Game seed: 17938027719195915108

152 bande the Covered (level 5, -1/33 HPs)
             Began as a Gargoyle Fighter on June 18, 2022.
             Slain by an orc
             ... wielding a +0 trident
              (2 damage)
             ... on level 3 of the Dungeon on June 22, 2022.
             The game lasted 00:06:09 (3053 turns).

bande the Covered (Gargoyle Fighter)                Turns: 3053, Time: 00:06:10

Health: -1/33      AC: 17    Str: 20 (22) XL:     5   Next: 34%
Magic:  5/5        EV:  7    Int:  5 (8)  God:
Gold:   111        SH:  5    Dex: 11      Spells: 4/4 levels left

rFire   . . .      SeeInvis .   a - +0 war axe
rCold   . . .      Faith    .   c - +1 buckler
rNeg    + . .      Spirit   .   i - +0 chain mail
rPois   ∞          Reflect  .   (no helmet)
rElec   +          Harm     .   o - +2 cloak "Kiggoc" {Str+2}
rCorr   .          Rampage  .   (no gloves)
Will    .....                   f - +0 pair of boots
Stlth   ..........              e - amulet of the acrobat
HPRegen 0.11/turn               g - ring of flight
MPRegen 0.09/turn               (no ring)

@: flying
A: sickness immunity, AC +4, negative energy resistance 1, electricity
resistance, torment resistance 1, petrification resistance
a: no special abilities


You were on level 3 of the Dungeon.
You visited 1 branch of the dungeon, and saw 3 of its levels.

You collected 111 gold pieces.

Inventory:

Hand Weapons
 a - a +0 war axe (weapon)
Armour
 c - a +1 buckler (worn)
 f - a +0 pair of boots (worn)
 i - a +0 chain mail (worn)
 o - the +2 cloak "Kiggoc" (worn) {Str+2}
   (You found it on level 2 of the Dungeon)

   Str:       It affects your strength (+2).
Jewellery
 e - an amulet of the acrobat (around neck)
 g - a ring of flight (left hand)
 n - an amulet of magic regeneration
Potions
 b - 2 potions of mutation
 h - 2 potions of brilliance
 j - a potion of cancellation
 k - a potion of might


   Skills:
 + Level 3.7 Fighting
 + Level 3.6 Axes
 + Level 4.3 Armour
 - Level 0.2 Dodging
 + Level 3.6 Shields


You had 4 spell levels left.
You didn't know any spells.
Your spell library contained the following spells:

 Spells                   Type           Power      Damage    Failure   Level
 Sting                    Tmut/Pois      0%         1d3       100%        1
 Poisonous Vapours        Pois/Air       0%         N/A       100%        2
 Olgreb's Toxic Radiance  Pois           0%         N/A       100%        4


Dungeon Overview and Level Annotations

Branches:
Dungeon (3/15)

Altars:


Innate Abilities, Weirdness & Mutations

You are immune to sickness and miasma.
Your stone body is resilient. (AC +4)
You are immune to poison.
You resist negative energy. (rN+)
You are resistant to electric shocks. (rElec)
You are resistant to unholy torment.
You are immune to petrification.


Message History

The orc priest hits you with a +0 flail!
You block the orc's attack.
A rat comes into view.
The orc hits you from afar with a +0 trident.
The orc priest hits you with a +0 flail.
You closely miss the orc priest.
The orc priest is heavily wounded.
You barely miss the orc. The orc barely misses you.
The orc priest hits you but does no damage.
The orc barely misses you.
You closely miss the orc priest.
The orc priest is heavily wounded.
You slash the quokka!
You kill the quokka!
You hit the orc. You block the orc priest's attack.
The orc hits you but does no damage. You block the orc's attack.
The orc hits you from afar with a +0 trident.
The orc priest mumbles some strange prayers to Beogh against you.
Beogh smites you!
* * * LOW HITPOINT WARNING * * *
The orc barely misses you.
You hit the orc priest.
The orc priest is severely wounded.
You hit the orc. You block the orc priest's attack.
The orc barely misses you. x2
Unknown command.
You barely miss the orc priest.
The orc priest is severely wounded.
You slash the orc!
You kill the orc!
The orc priest hits you with a +0 flail.
* * * LOW HITPOINT WARNING * * *
The orc hits you but does no damage.
Unknown command.
There is an open door here.
You barely miss the orc priest.
The orc priest is severely wounded.
You hit the rat but do no damage. The rat barely misses you.
The orc priest begins to cast a cantrip, but forgets the words!
The orc hits you from afar with a +0 trident.
You die...

### #...# ........#
#.#####.# ........#
# #.......#
........##.#
#.#######
........##.######.#
...........#......#
...............####
......)r####.#.#
......oo@....#.#
........##.#.#.#
##########.#.#.#
#.###.# #.....#
#######


You could see an orc priest, an orc and a rat.

Vanquished Creatures
  Terence (D:2)
  4 gnolls (D:3)
  2 adders
  2 dart slugs (D:2)
  4 orcs (D:3)
  5 endoplasms
  7 giant cockroaches
  6 goblins
  6 hobgoblins
  2 quokkas (D:3)
  3 ball pythons (D:2)
  4 bats
  3 frilled lizards
  9 kobolds
  2 rats
60 creatures vanquished.

Vanquished Creatures (others)
  4 plants (D:2)
4 creatures vanquished.

Grand Total: 64 creatures vanquished

Notes
Turn   | Place    | Note
-------+----------+-------------------------------------------
     0 | D:1      | bande the Gargoyle Fighter began the quest for the Orb.
     0 | D:1      | Reached XP level 1. HP: 14/14 MP: 1/1
   402 | D:1      | Reached XP level 2. HP: 17/19 MP: 2/2
  1301 | D:2      | Reached XP level 3. HP: 15/23 MP: 3/3
  1706 | D:2      | Upgraded the game from 0.29-a0-617-g7a6b98fccd to
                  | 0.29-a0-664-gff9cad4a3d
  1732 | D:2      | Reached skill level 4 in Armour
  1902 | D:2      | Noticed Terence
  1909 | D:2      | Killed Terence
  1910 | D:2      | Reached XP level 4. HP: 28/28 MP: 4/4
  1929 | D:2      | Identified the +2 cloak "Kiggoc" {Str+2}
  2301 | D:3      | Reached XP level 5. HP: 8/33 MP: 5/5
  2968 | D:3      | Found a faded altar of an unknown god.
  3051 | D:3      | HP: 1/33 [orc priest/+0 flail (5)]
  3053 | D:3      | Slain by an orc

Illustrated notes

Levels and vault maps discovered:
D:1:      dpeg_arrival_water_temple_mockup, layout_basic, corexii_corridor_pit,
          minmay_misc_feat_more_columns, supply_closet_lemuel,
          kennysheep_another_room
D:2:      layout_basic, serial_bayou_pond_a, minmay_pentomino_z4, uniq_terence
D:3:      layout_basic, hellmonk_ecumenical_altar_run_dry,
          corexii_hall_statues_l, grunt_decor_arrowhead, uniq_crazy_yiuf_cottage

Skill      XL: |  1  2  3 |
---------------+----------+-----
Axes           | 2 3 |  3.6
Armour         | 4 |  4.3
Fighting       | |  3.7
Dodging        | |  0.2
Shields        | |  3.6

Action                   |  1- 3 |  4- 6 || total
-------------------------+-------+-------++-------
Melee: War axe           |   128 |    50 ||   178
  Use: Scroll            |     9 |     2 ||    11
       Potion            |       |     4 ||     4
 Stab: Invisible         |       |     1 ||     1
Armor: Scale mail        |    19 |       ||    19
       Chain mail        |    66 |    36 ||   102
Dodge: Dodged            |    46 |    34 ||    80
Block: Buckler           |    33 |    17 ||    50

Table legend: (Time is in decaauts)
 A = Elapsed time spent in this place.
 B = Non-inter-level travel time spent in this place.
 C = Inter-level travel time spent in this place.
 D = Time resting spent in this place.
 E = Time spent auto-exploring this place.
 F = Levels seen in this place.
 G = Mean time per level.
                   A        B        C        D        E       F      G
               +--------+--------+--------+--------+--------+-----+--------+
         Total |   3127 |   3084 |     43 |    559 |   1909 |   3 | 1042.3 |
       Dungeon |   3127 |   3084 |     43 |    559 |   1909 |   3 | 1042.3 |
               +--------+--------+--------+--------+--------+-----+--------+

Top non-repeatable levels by time:
     D:1: 1320 daAuts
     D:2: 925 daAuts
     D:3: 881 daAuts
